 Dungeon Crawl Stone Soup version 0.19.1 (webtiles) character file.

129091 aspy the Black Belt (level 17, -8/119 HPs)
             Began as an Octopode Assassin on Dec 19, 2016.
             Was a High Priest of Nemelex Xobeh.
             Engulfed by a ghost crab's spectral mist (11 damage)
             ... on level 2 of the Swamp.
             The game lasted 05:52:55 (45325 turns).

aspy the Black Belt (Octopode Assassin)            Turns: 45325, Time: 05:52:56

Health: -8/119     AC:  5    Str: 10    XL:     17   Next: 4%
Magic:  35/35      EV: 27    Int: 16    God:    Nemelex Xobeh [*****.]
Gold:   1042       SH:  7    Dex: 25    Spells: 1 memorised, 15 levels left

rFire  . . .     SeeInvis +       - Unarmed
rCold  . . .     Gourm    .     J - +0 buckler {AC+3}
rNeg   + . .     Faith    .     (helmet restricted)
rPois  +         Spirit   .     K - amulet "Xelyna" {RegenMP rPois rN+ Dex+7}
rElec  .         Reflect  .     t - +1 ring of protection
rCorr  +         Harm     .     y - ring of resist corrosion
MR     +++..                    h - ring of wizardry
Stlth  ++++++....               W - ring of protection from magic
                                G - ring of see invisible
                                F - ring of magical power
                                X - ring of protection from magic
                                M - ring of stealth

@: about to teleport, drained
A: almost no armour, stealthy swim, amphibious, 8 rings, constrict 8, camouflage
1, gelatinous body 1
a: Triple Draw, Deal Four, Stack Five, Renounce Religion


You were on level 2 of the Swamp.
You worshipped Nemelex Xobeh.
Nemelex Xobeh was extremely pleased with you.
You were hungry.

You visited 5 branches of the dungeon, and saw 26 of its levels.
You also visited: Labyrinth, Sewer, Ossuary and Ice Cave.

You collected 3384 gold pieces.
You spent 2342 gold pieces at shops.

Inventory:

Hand Weapons
 b - a +3 blowgun
Missiles
 c - 41 poisoned needles
 H - a curare-tipped needle
Armour
 J - a +0 buckler of protection (worn)
Jewellery
 h - a ring of wizardry (on tentacle)
 t - a +1 ring of protection (left tentacle)
 y - a ring of resist corrosion (right tentacle)
 F - a ring of magical power (on tentacle)
 G - a ring of see invisible (on tentacle)
 K - the amulet "Xelyna" (around mantle) {RegenMP rPois rN+ Dex+7}
   (You bought it in a shop on level 12 of the Dungeon)

   [amulet of magic regeneration]

   It increases your magic regeneration.
   It affects your dexterity (+7).
   It protects you from poison.
   It protects you from negative energy.
 M - a ring of stealth (on tentacle)
 W - a ring of protection from magic (on tentacle)
 X - a ring of protection from magic (on tentacle)
Scrolls
 e - 3 scrolls of fear
 i - 7 scrolls of recharging
 j - 9 scrolls of remove curse
 o - 4 scrolls of magic mapping
 s - 3 scrolls of enchant armour
 w - 7 scrolls of fog
 A - 2 scrolls of teleportation
 E - a scroll of holy word {unknown}
 T - a scroll of torment {unknown}
 Y - a scroll of silence
 Z - 2 scrolls of identify
Potions
 a - 3 potions of magic
 k - a potion of ambrosia
 q - a potion of agility
 r - 2 potions of might
 v - a potion of resistance
 x - 2 potions of curing
 C - a potion of cancellation
 Q - a potion of haste
 R - 3 potions of flight
 S - 3 potions of cure mutation
Miscellaneous
 d - an ornate deck of escape {the Shaft, left: 2}
 p - a legendary deck of summoning {drawn: 4}
 B - a legendary deck of destruction {drawn: 1}
 N - an ornate deck of escape {the Shaft, left: 3}
 O - a lamp of fire (inert)
 P - an ornate deck of escape {drawn: 2}
 U - a legendary deck of destruction
Comestibles
 f - 12 bread rations
 g - 8 slices of pizza
 n - 5 fruits
 u - a royal jelly
 z - 7 meat rations
 V - 10 beef jerkies


   Skills:
 - Level 11.8(11.6) Fighting
   Level 2.1(2.0) Short Blades
   Level 0.8(1.4) Long Blades
 - Level 3.1(2.9) Throwing
 + Level 13.7(13.5) Dodging
 + Level 7.2(7.0) Stealth
 - Level 5.0(4.8) Shields
 * Level 19.0(18.8) Unarmed Combat
 - Level 1.4(1.2) Necromancy
 + Level 12.3(12.1) Invocations
 - Level 0.2(0.0) Evocations


You had 15 spell levels left.
You knew the following spells:

 Your Spells              Type           Power        Failure   Level  Hunger
a - Animate Skeleton      Necr           N/A          7%          1    ##.....


Dungeon Overview and Level Annotations

Branches:
Dungeon (15/15)            Temple (1/1) D:5            Lair (6/6) D:11
  Swamp (2/4) Lair:4        Snake (0/4) Lair:2          Orc (2/2) D:10
    Elf (0/3) Orc:2        Vaults (0/5) D:13         Depths (0/5) D:15
  Slime: Lair:5-6

Altars:
Ashenzari
Cheibriados
Dithmenos
Elyvilon
Fedhas
Gozag
Hepliaklqana
Kikubaaqudgha
Makhleb
Nemelex Xobeh
Okawaru
Qazlal
Ru
Sif Muna
Trog
Uskayaw
Vehumet
Xom
Yredelemnul
Zin
The Shining One
Beogh

Shops:
D:6 !   D:10 (*   D:12 =   Orc:1 *   Orc:2 *=[(

Portals:
Hell: Lair:6
Trove: D:11 (give 7 potions of haste)

Annotations:
D:4 Grinder
D:8 Gastronok
D:9 1 exclusion, Erolcha
D:14 exclusions: obsidian statue and 1 more exclusion
Lair:2 exclusion: upstairs
Lair:4 exclusion: oklob plant
Lair:5 exclusions: downstairs and oklob plant
Lair:6 exclusion: 2 doors
Swamp:1 exclusion: downstairs
Orc:2 exclusion: upstairs


Innate Abilities, Weirdness & Mutations

You cannot wear most types of armour.
You are very stealthy in the water. (Stealth+)
You are amphibious.
You can wear up to eight rings at the same time.
You can use your tentacles to constrict eight enemies at once.
Your skin changes colour to match your surroundings (Stealth+).
Your rubbery body absorbs attacks. (AC +1, EV +1)


Message History

You are engulfed in spectral mist.
* * * LOW HITPOINT WARNING * * *
The spectral six-headed hydra fades away!
The ghost crab breathes spectral mist at you.
The spectral mist engulfs you!
Unknown command.
As you read the scroll of teleportation, it crumbles to dust.
You feel strangely unstable.
You are engulfed in spectral mist.
* * * LOW HITPOINT WARNING * * *
The ghost crab breathes spectral mist at you.
The spectral mist engulfs you! The spectral alligator bites you!
* * * LOW HITPOINT WARNING * * *
The spectral alligator tail-slaps you.
* * * LOW HITPOINT WARNING * * *
Okay, then.
Okay, then.
Evoke which item? (* to show all) (? for menu, Esc to quit)
You draw a card...
It is the Elixir.
You are engulfed in spectral mist.
You die...
Your body disappears without a glow.

≈≈.≈. ♣..≈.. ..)≈≈≈
♣.≈≈.≈♣ ♣♣≈.≈D.≈≈.
♣♣..≈≈.♣≈≈.
♣♣♣≈.≈♣≈≈≈≈♣≈
♣♣♣♣♣♣@§§≈≈≈≈.≈≈≈.
♣≈..§§§Z§§§≈≈≈.♣D≈≈
.≈≈.Z§§§§§t≈≈..≈≈≈.
...≈§§§§≈..≈≈.≈≈...
.≈.≈.≈♣.≈≈<§≈..≈.♣
≈≈.≈.≈≈≈≈≈....♣♣♣♣
≈..≈≈...≈..♣♣♣♣
§.≈≈..♣♣♣♣♣♣ ♣♣♣♣♣


You could see a five-headed hydra (wandering), a ghost crab, a spectral
alligator and a spectral five-headed hydra.

Vanquished Creatures
  An orc warlord (Orc:2)
  A ghost moth (Lab)
  A dire elephant (Lair:6)
  8 vault guards (D:13)
  Josephine (D:12)
  13 hydras
  A ghost crab (Swamp:2)
  9 death yaks
  An ogre mage (Orc:2)
  A death knight (D:15)
  3 alligators
  An orc high priest (Orc:2)
  4 centaur warriors
  Sonja (Lair:3)
  A sun demon (Lair:6)
  Nergalle (Lair:3)
  An iron troll (D:15)
  A sixfirhy (Lair:6)
  An unseen horror (shapeshifter) (D:13)
  4 unseen horrors
  3 swamp dragons
  3 shambling mangroves (Swamp:1)
  A wizard (Lair:6)
  2 lindwurms (Lair:6)
  3 hill giants
  2 orc knights (Orc:2)
  3 manticores
  A phantasmal warrior (D:15)
  3 deep elf magi
  7 cyclopes
  12 elephants
  A salamander (Lair:5)
  3 orc sorcerers (Orc:2)
  9 ugly things
  9 black mambas
  A smoke demon (Lair:6)
  A gargoyle (D:15)
  4 orange demons (Lair:6)
  14 spiny frogs
  A kobold demonologist (D:14)
  An efreet (D:14)
  11 komodo dragons
  3 rime drakes
  2 ice devils (Lair:6)
  A freezing wraith (D:15)
  A red devil (Lair:6)
  A tengu conjurer (D:13)
  6 trolls
  A meliai (shapeshifter) (D:14)
  2 polar bears (Lair:2)
  A tyrant leech (Swamp:1)
  12 hippogriffs
  5 bog bodies
  20 slime creatures
  5 dream sheep (Lair:5)
  5 hornets
  27 blink frogs
  A spriggan (Swamp:1)
  A water elemental (D:14)
  A wyvern (D:15)
  A shadow (D:15)
  4 wraiths (D:12)
  24 yaks
  4 hungry ghosts
  15 vampire mosquitoes
  5 basilisks
  A redback simulacrum (D:15)
  A steam dragon (Lair:4)
  Menkaure (D:4)
  2 mottled dragons
  2 wargs
  5 swamp worms
  5 insubstantial wisps (Swamp:1)
  2 hell hounds (Lair:6)
  A soldier ant (D:13)
  26 water moccasins
  5 porcupines
  6 ice beasts
  2 eyes of draining
  3 sky beasts
  A hornet zombie (D:11)
  30 orc warriors
  27 ogres
  4 swamp drakes
  An ogre (shapeshifter) (D:15)
  4 black bears
  2 necrophages
  4 boggarts
  11 centaurs
  A tengu (D:10)
  11 crocodiles
  2 big kobolds
  21 bullfrogs
  6 scorpions
  A wyvern skeleton (D:7)
  7 killer bees (D:10)
  An electric eel (D:14)
  4 howler monkeys
  5 wights (D:9)
  4 bullfrog zombies
  5 crimson imps
  2 quasits
  Crazy Yiuf (D:7)
  3 centaur skeletons
  4 centaur zombies
  21 orc priests
  5 two-headed ogre zombies (D:9)
  2 jellies (D:10)
  4 bullfrog skeletons
  5 hounds
  3 iguanas
  27 orc wizards
  15 worker ants
  8 hell rats (Lair:5)
  2 human simulacra (D:11)
  A hound skeleton (D:7)
  8 mummies (Ossuary)
  8 gnolls (D:6)
  A worker ant zombie (D:6)
  32 adders
  15 river rats
  A shadow imp (D:10)
  An ooze (Sewer)
  An adder zombie (D:9)
  2 worms
  7 leopard geckos
  95 orcs
  9 giant cockroaches
  2 gnoll zombies (Ossuary)
  4 goblins
  5 hobgoblins
  12 jackals
  15 kobolds
  4 quokkas
  12 ball pythons
  9 bats
  6 frilled lizards
  A giant cockroach zombie (D:4)
  2 hobgoblin zombies (Ossuary)
  3 kobold zombies (Ossuary)
  An orc zombie (Ossuary)
  42 rats
  4 fungi
  5 plants
922 creatures vanquished.

Vanquished Creatures (collateral kills)
  The ghost of kengeki the Zephyrmancer, a journeyman TeAE of Vehumet (Lair:5)
  5 hydras
  3 death yaks (Lair:5)
  3 alligators
  A hill giant (D:10)
  An orb spider (shapeshifter) (D:15)
  An orc knight (D:15)
  3 ugly things
  2 cyclopes
  A manticore (D:15)
  2 black mambas
  3 elephants (Lair:2)
  3 ice statues (IceCv)
  3 spiny frogs
  A rime drake (Lair:5)
  A freezing wraith (D:15)
  3 komodo dragons
  A troll (D:15)
  A polar bear (Lair:5)
  A bog body (Swamp:2)
  The ghost of Tiuover the Slasher, an amateur OpFi of Dithmenos (D:4)
  2 hippogriffs
  5 blink frogs
  A wyvern (Lair:3)
  8 yaks
  2 vampire mosquitoes (Lair:4)
  An insubstantial wisp (Swamp:1)
  A warg (D:15)
  2 swamp worms
  7 water moccasins
  2 orc warriors
  3 porcupines
  4 ice beasts (IceCv)
  3 crocodiles
  4 bullfrogs
  2 killer bees (D:10)
  8 two-headed ogre zombies (D:9)
  A centaur skeleton (D:6)
  An orc wizard (D:15)
  A worker ant (D:4)
  An ogre zombie (D:9)
  6 adders
  An orc (D:12)
  3 rats (Sewer)
  A fungus (Lair:4)
111 creatures vanquished.

Vanquished Creatures (others)
  2 hydras
  The ghost of XO4YCPATb the Basher, a novice OgBe of Trog (D:7)
  A death yak (Lair:5)
  A slime creature (Swamp:1)
  A yak (D:9)
  A sky beast (D:11)
  An ice beast (D:6)
  A black bear (D:9)
  A phantom (D:9)
  A wyvern skeleton (D:11)
  An orc priest (Orc:2)
  A ball lightning (Orc:2)
  A jackal zombie (D:6)
  A bush (Lair:5)
  30 fungi
  24 plants
69 creatures vanquished.

Grand Total: 1102 creatures vanquished

Notes
Turn   | Place    | Note
-------+----------+-------------------------------------------
     0 | D:1      | aspy the Octopode Assassin began the quest for the Orb.
     0 | D:1      | Reached XP level 1. HP: 14/14 MP: 1/1
   251 | D:1      | Reached XP level 2. HP: 14/19 MP: 2/2
   701 | D:2      | Reached XP level 3. HP: 25/25 MP: 3/3
  1347 | D:2      | Reached XP level 4. HP: 30/30 MP: 4/4
  1370 | D:2      | Found a glowing golden altar of the Shining One.
  1523 | D:3      | Found a shimmering altar of Xom.
  1630 | D:3      | Reached skill level 1 in Unarmed Combat
  1659 | D:3      | Reached XP level 5. HP: 17/35 MP: 5/5
  2319 | D:3      | Found a sparkling altar of Nemelex Xobeh.
  2319 | D:3      | Found an opulent altar of Gozag.
  2556 | D:3      | Reached skill level 2 in Unarmed Combat
  2665 | D:3      | Became a worshipper of Nemelex Xobeh the Trickster
  2712 | D:3      | Found a sacrificial altar of Ru.
  2727 | D:3      | Reached XP level 6. HP: 34/41 MP: 6/6
  2995 | D:4      | Reached skill level 1 in Invocations
  2996 | D:4      | Noticed Tiuover's ghost (amateur OpFi)
  2997 | D:4      | Noticed a phantom
  3148 | D:4      | Received a gift from Nemelex Xobeh
  3166 | D:4      | Noticed Grinder
  3197 | D:4      | Reached skill level 3 in Unarmed Combat
  3282 | D:4      | Killed Tiuover's ghost
  3282 | D:4      | Reached XP level 7. HP: 20/45 MP: 8/8
  3299 | D:4      | Reached skill level 4 in Unarmed Combat
  3379 | D:4      | Noticed Menkaure
  3438 | D:4      | Killed Menkaure
  3596 | D:4      | Found a glowing drain.
  3633 | Sewer    | Entered a sewer
  4680 | D:4      | Reached skill level 5 in Dodging
  4680 | D:4      | Reached skill level 5 in Unarmed Combat
  4903 | D:5      | Entered Level 5 of the Dungeon
  4961 | D:5      | Reached * piety under Nemelex Xobeh
  4981 | D:5      | Reached XP level 8. HP: 51/51 MP: 10/10
  5133 | D:5      | Found a staircase to the Ecumenical Temple.
  5146 | Temple   | Entered the Ecumenical Temple
  5275 | Temple   | Received a gift from Nemelex Xobeh
  5881 | D:5      | Received a gift from Nemelex Xobeh
  6056 | D:6      | Reached ** piety under Nemelex Xobeh
  6411 | D:6      | Reached skill level 6 in Unarmed Combat
  6626 | D:6      | Found Zoiziw's Distillery.
  6637 | D:6      | Bought a potion of resistance for 110 gold pieces
  6637 | D:6      | Bought a potion of haste for 110 gold pieces
  6704 | D:6      | Received a gift from Nemelex Xobeh
  6805 | D:6      | Reached XP level 9. HP: 26/56 MP: 12/12
  7237 | D:6      | Reached skill level 7 in Unarmed Combat
  7268 | D:6      | Reached skill level 5 in Invocations
  7309 | D:7      | Found a sand-covered staircase.
  7320 | Ossuary  | Entered an ossuary
  7719 | D:7      | Noticed XO4YCPATb's ghost (novice OgBe)
  7774 | D:7      | HP: 1/58 [wyvern[the player character] (5)]
  7788 | D:7      | Killed XO4YCPATb's ghost
  8056 | D:7      | Received a gift from Nemelex Xobeh
  8087 | D:7      | Found a white marble altar of Elyvilon.
  8182 | D:7      | Reached skill level 8 in Unarmed Combat
  8281 | D:7      | Reached *** piety under Nemelex Xobeh
  8283 | D:7      | Found a hazy altar of Hepliaklqana.
  8325 | D:7      | Found a shattered altar of Ashenzari.
  8505 | D:7      | Found a runed door.
  8510 | D:7      | Noticed Crazy Yiuf
  8518 | D:7      | Killed Crazy Yiuf
  8760 | D:8      | Reached skill level 5 in Fighting
  8851 | D:8      | Reached XP level 10. HP: 49/66 MP: 14/14
  9150 | D:8      | Found a shadowy altar of Dithmenos.
  9154 | D:8      | Noticed Gastronok
  9264 | D:8      | Found a blossoming altar of Fedhas.
  9464 | D:8      | Received a gift from Nemelex Xobeh
  9847 | D:9      | Found a deep blue altar of Sif Muna.
  9931 | D:9      | Reached skill level 9 in Unarmed Combat
 10618 | D:9      | Found a bloodstained altar of Trog.
 10889 | D:9      | Received a gift from Nemelex Xobeh
 11173 | D:9      | Noticed a smoke demon
 11327 | D:9      | Reached skill level 10 in Unarmed Combat
 11703 | D:9      | Noticed Erolcha
 11885 | D:10     | Entered Level 10 of the Dungeon
 12121 | D:10     | Reached XP level 11. HP: 71/74 MP: 16/16
 12408 | D:10     | Reached **** piety under Nemelex Xobeh
 12937 | D:10     | Found Irchic's Assorted Antiques.
 12990 | D:10     | Bought a tubular jade ring for 160 gold pieces
 12990 | D:10     | Bought a scroll of identify for 64 gold pieces
 13047 | D:10     | Found Imehi's Weapon Shoppe.
 13065 | D:10     | Found a staircase to the Orcish Mines.
 13147 | D:10     | Noticed a hill giant
 13158 | D:10     | Killed a hill giant
 13406 | D:10     | Received a gift from Nemelex Xobeh
 13862 | D:10     | Reached skill level 11 in Unarmed Combat
 14168 | D:11     | Found a portal to a secret trove of treasure.
 14198 | D:11     | Noticed a manticore
 14255 | D:11     | Found a staircase to the Lair.
 14307 | D:11     | Noticed a hill giant
 14347 | Lair:1   | Entered Level 1 of the Lair of Beasts
 14445 | Lair:1   | Received a gift from Nemelex Xobeh
 14503 | Lair:1   | Noticed an eight-headed hydra
 14510 | Lair:1   | Killed an eight-headed hydra
 14885 | Lair:1   | Noticed a four-headed hydra
 15610 | Lair:2   | Received a gift from Nemelex Xobeh
 15615 | Lair:2   | Noticed a five-headed hydra
 15624 | Lair:2   | Killed a five-headed hydra
 15624 | Lair:2   | Reached XP level 12. HP: 81/82 MP: 18/18
 15643 | Lair:2   | Found a staircase to the Snake Pit.
 15858 | Lair:2   | Reached skill level 12 in Unarmed Combat
 16011 | Lair:2   | You fall through a shaft!
 16011 | Lair:3   | Noticed Sonja
 16018 | Lair:3   | Killed Sonja
 16252 | Lair:2   | Reached ***** piety under Nemelex Xobeh
 16531 | Lair:1   | Killed a four-headed hydra
 18012 | Lair:2   | Received a gift from Nemelex Xobeh
 18171 | Lair:2   | Reached skill level 10 in Dodging
 18197 | Lair:2   | Reached skill level 13 in Unarmed Combat
 18197 | Lair:2   | Reached skill level 10 in Invocations
 18820 | Lair:3   | Noticed Nergalle
 18837 | Lair:3   | Received a gift from Nemelex Xobeh
 18887 | Lair:3   | Killed Nergalle
 18887 | Lair:3   | Reached XP level 13. HP: 88/90 MP: 20/20
 19450 | Lair:3   | Received a gift from Nemelex Xobeh
 20725 | Lair:4   | Received a gift from Nemelex Xobeh
 21605 | Lair:4   | Found a staircase to the Swamp.
 21772 | Lair:5   | Reached skill level 14 in Unarmed Combat
 21775 | Lair:5   | Noticed kengeki's ghost (journeyman TeAE)
 21803 | Lair:5   | Killed kengeki's ghost
 21814 | Lair:5   | Reached skill level 10 in Fighting
 21889 | Lair:5   | Found a frozen archway.
 21910 | IceCv    | Entered an ice cave
 22704 | Lair:5   | Received a gift from Nemelex Xobeh
 22862 | Lair:5   | Reached ****** piety under Nemelex Xobeh
 23758 | Lair:5   | Received a gift from Nemelex Xobeh
 24181 | Lair:5   | Reached XP level 14. HP: 29/99 MP: 12/22
 25739 | Lair:6   | Entered Level 6 of the Lair of Beasts
 25796 | Lair:6   | Reached skill level 15 in Unarmed Combat
 26303 | Lair:6   | Received a gift from Nemelex Xobeh
 27270 | Lair:6   | Noticed a dire elephant
 27306 | Lair:6   | Killed a dire elephant
 27885 | Lair:6   | Found a burning altar of Makhleb.
 28291 | Lair:6   | Reached skill level 16 in Unarmed Combat
 28293 | Lair:6   | Got a faintly humming buckler
 28301 | Lair:6   | Identified the +0 buckler "Oxepoc" {-Cast rF++ Str-5 Int+8} (You took it off a red devil on level 6 of the Lair of Beasts)
 28316 | Lair:6   | Found a gateway to Hell.
 29466 | Lair:6   | Reached XP level 15. HP: 102/106 MP: 23/23
 30191 | Lair:6   | Received a gift from Nemelex Xobeh
 31164 | D:11     | Found a blossoming altar of Fedhas.
 31182 | D:11     | Received a gift from Nemelex Xobeh
 31694 | D:6      | Bought a potion of heal wounds for 55 gold pieces
 31694 | D:6      | Bought 2 potions of heal wounds for 110 gold pieces
 31694 | D:6      | Bought a potion of heal wounds for 55 gold pieces
 31803 | Orc:1    | Entered Level 1 of the Orcish Mines
 31986 | Orc:1    | Found Zuco Huic's Assorted Antiques.
 32108 | Orc:1    | Bought 2 potions of agility for 232 gold pieces
 32108 | Orc:1    | Bought a potion of might for 116 gold pieces
 32108 | Orc:1    | Bought a scroll of blinking for 217 gold pieces
 32209 | Orc:2    | Entered Level 2 of the Orcish Mines
 32231 | Orc:2    | Found a staircase to the Elven Halls.
 32308 | Orc:2    | Noticed an orc warlord
 32362 | Orc:2    | Killed an orc warlord
 32410 | Orc:2    | Reached skill level 17 in Unarmed Combat
 32500 | Orc:2    | Found a labyrinth entrance.
 32509 | Lab      | Entered a labyrinth
 32509 | Lab      | Received a gift from Nemelex Xobeh
 32973 | Lab      | Received a gift from Nemelex Xobeh
 33078 | Lab      | Noticed a ghost moth
 33078 | Lab      | a minotaur changed into a ghost moth
 33083 | Lab      | Killed a ghost moth
 33119 | Lab      | Identified the Grimoire of the Feathery Volcanoes
 33119 | Lab      | Identified Migryile's Magic for Rookies
 33129 | Lab      | Learned a level 1 spell: Animate Skeleton
 33134 | Orc:2    | Found a roughly hewn altar of Beogh.
 33204 | Orc:2    | Found a roughly hewn altar of Beogh.
 33208 | Orc:2    | Found Tidwuom's General Store.
 33218 | Orc:2    | Bought a potion of heal wounds for 75 gold pieces
 33218 | Orc:2    | Bought a cursed amulet of inaccuracy for 30 gold pieces
 33446 | Orc:2    | Found a roughly hewn altar of Beogh.
 33689 | Orc:2    | Found a roughly hewn altar of Beogh.
 33835 | Orc:2    | Found Zuokh's Jewellery Shop.
 34112 | Orc:2    | Found a roughly hewn altar of Beogh.
 34146 | Orc:2    | Found a roughly hewn altar of Beogh.
 34954 | Orc:2    | Found Hablezani's Antique Armour Emporium.
 34954 | Orc:2    | Found a roughly hewn altar of Beogh.
 34959 | Orc:2    | Found Jaunoex's Antique Weapon Shoppe.
 35150 | Orc:1    | Noticed an orc warlord
 35322 | Orc:2    | Noticed an orc warlord
 35453 | D:12     | Noticed Josephine
 35502 | D:12     | Killed Josephine
 35806 | D:12     | Received a gift from Nemelex Xobeh
 35990 | D:12     | Found Hyxuokev's Jewellery Shop.
 36138 | D:12     | Bought the amulet "Xelyna" {RegenMP rPois rN+ Dex+7} for 781 gold pieces
 36138 | D:12     | Bought an uncursed ring of stealth for 227 gold pieces
 36249 | D:12     | Received a gift from Nemelex Xobeh
 37491 | D:13     | Found a gate to the Vaults.
 37707 | D:13     | Reached XP level 16. HP: 75/112 MP: 24/24
 38568 | D:13     | Reached skill level 1 in Shields
 38638 | D:13     | Received a gift from Nemelex Xobeh
 38711 | D:13     | Found a shimmering altar of Xom.
 39161 | D:13     | Reached skill level 18 in Unarmed Combat
 39286 | D:14     | Reached skill level 1 in Necromancy
 39749 | D:14     | Found a stormy altar of Qazlal.
 39837 | D:14     | Received a gift from Nemelex Xobeh
 40299 | D:15     | Entered Level 15 of the Dungeon
 40322 | D:15     | Found a shattered altar of Ashenzari.
 40356 | D:15     | Found a staircase to the Depths.
 40359 | D:15     | Received a gift from Nemelex Xobeh
 40921 | D:15     | Found a glowing silver altar of Zin.
 41850 | Swamp:1  | Entered Level 1 of the Swamp
 41850 | Swamp:1  | Received a gift from Nemelex Xobeh
 41850 | Swamp:1  | Received a gift from Nemelex Xobeh
 42880 | Swamp:1  | Reached skill level 5 in Shields
 43186 | Swamp:1  | Paralysed by a hornet for 1 turns
 44116 | Swamp:2  | Reached skill level 19 in Unarmed Combat
 44653 | Swamp:2  | Reached XP level 17. HP: 107/119 MP: 26/26
 45324 | Swamp:2  | HP: 4/119 [spectral alligator[a ghost crab] (15)]
 45325 | Swamp:2  | Engulfed by a ghost crab's spectral mist

Skill      XL: |  1  2  3  4  5  6  7  8  9 10 11 12 13 14 15 16 |
---------------+-------------------------------------------------+-----
Dodging        | 2 3 4 5 6 8 9 10 11 12 13 | 13.7
Throwing       | 3 |  3.1
Unarmed Combat | 1 2 3 5 6 8 10 11 13 14 16 17 19 | 19.0
Invocations    | 2 3 4 6 7 9 10 11 12 | 12.3
Fighting       | 3 5 6 8 9 10 11 | 11.8
Stealth        | 6 7 |  7.2
Shields        | 5 |  5.0
Necromancy     | 1 |  1.4
Short Blades   | |  2.1
Long Blades    | |  0.8
Evocations     | |  0.2

Action                   |  1- 3 |  4- 6 |  7- 9 | 10-12 | 13-15 | 16-18 || total
-------------------------+-------+-------+-------+-------+-------+-------++-------
Melee: Dagger            |    48 |    82 |    81 |       |       |       ||   211
       Tentacles         |     7 |    14 |    59 |   142 |   307 |   151 ||   680
       Constrict         |     9 |    24 |    66 |    85 |   195 |    64 ||   443
       Unarmed           |       |       |   184 |   557 |  1259 |   507 ||  2507
       Punch             |       |       |    17 |    51 |   190 |   108 ||   366
 Fire: Blowgun           |    19 |    50 |   112 |   221 |   385 |    18 ||   805
Throw: Tomahawk          |     9 |     2 |    34 |    73 |     2 |       ||   120
       Throwing net      |       |       |     1 |     1 |     6 |       ||     8
 Cast: Animate Skeleton  |       |       |       |       |    12 |    29 ||    41
Invok: Triple Draw       |       |       |       |     1 |       |     1 ||     2
       Stack Five        |       |       |       |       |     1 |     1 ||     2
       Deal Four         |       |       |       |       |       |     2 ||     2
Evoke: Deck              |       |     2 |    15 |    51 |    50 |    37 ||   155
       Wand              |       |       |       |     9 |     3 |       ||    12
       Lamp of fire      |       |       |       |       |     4 |     1 ||     5
       Phantom mirror    |       |       |       |       |     1 |       ||     1
  Use: Scroll            |     5 |     2 |    11 |    12 |    21 |     6 ||    57
       Potion            |       |     2 |     5 |    10 |    15 |     5 ||    37
 Stab: Sleeping          |    13 |     7 |     6 |     8 |    22 |    15 ||    71
       Distracted        |       |     1 |       |     4 |    13 |     9 ||    27
       Held in net/web   |       |       |       |       |     6 |       ||     6
  Eat: Chunk             |     1 |     6 |    23 |    30 |    44 |    13 ||   117
       Fruit             |       |       |     1 |       |     6 |     8 ||    15
       Meat ration       |       |       |     1 |       |     1 |     1 ||     3
Armor: Skin              |     3 |     6 |    15 |    17 |    20 |    20 ||    81
Dodge: Dodged            |    21 |    33 |   184 |   340 |   796 |   325 ||  1699
Block: Buckler           |       |       |       |       |       |    85 ||    85
       Shield            |       |       |       |       |       |    11 ||    11
